 Dungeon Crawl Stone Soup version 0.25-a0-185-g6cfeca75b2 (webtiles) character file.

Game seed: 4485337198978935754, levelgen mode: deterministic

98 sankara the Ruffian (level 4, -3/36 HPs)
             Began as a Minotaur Transmuter on Nov 28, 2019.
             Slain by Crazy Yiuf
             ... wielding a +2 quarterstaff of chaos
              (9 damage)
             ... on level 3 of the Dungeon.
             The game lasted 00:10:42 (2962 turns).

sankara the Ruffian (Minotaur Transmuter)           Turns: 2962, Time: 00:10:43

Health: -3/36      AC:  2    Str: 16    XL:     4   Next: 43%
Magic:  1/5        EV: 12    Int: 10    God:
Gold:   149        SH:  0    Dex: 10    Spells: 2/5 levels left

rFire    . . .     SeeInvis .     - Unarmed
rCold    + . .     Gourm    .   (no shield)
rNeg     + . .     Faith    .   b - +0 robe
rPois    .         Spirit   .   (helmet restricted)
rElec    .         Reflect  .   (no cloak)
rCorr    .         Harm     .   (no gloves)
MR       .....                  (no boots)
Stlth    +.........             m - amulet of rage {+Rage, !d}
HPRegen  0.12/turn              c - ring of positive energy {rN+}
MPRegen  0.09/turn              u - ring of protection from cold {rC+, !d}

@: no status effects
A: retaliatory headbutt, horns 2
a: Evoke Berserk Rage


You were on level 3 of the Dungeon.
You were very hungry.

You visited 1 branch of the dungeon, and saw 3 of its levels.

You collected 149 gold pieces.

Inventory:

Hand Weapons
 q - a +0 dagger
   (You took it off a goblin on level 2 of the Dungeon)
 r - a +0 hunting sling
   (You took it off a goblin on level 2 of the Dungeon)
Missiles
 a - 66 arrows
 j - 169 stones (quivered)
 o - 38 sling bullets
 w - 7 poisoned darts
Armour
 b - a +0 robe (worn)
Jewellery
 c - a ring of positive energy (left hand) {rN+}
   (You found it on level 1 of the Dungeon)
 m - an amulet of rage (around neck) {+Rage, !d}
   (You found it on level 2 of the Dungeon)
 u - a ring of protection from cold (right hand) {rC+, !d}
   (You found it on level 3 of the Dungeon)
Scrolls
 e - 5 scrolls of identify {unknown}
 g - 2 scrolls of remove curse {unknown}
 h - 2 scrolls of immolation {unknown}
 l - 2 scrolls of teleportation {unknown}
 s - a scroll of blinking {unknown}
 t - a scroll of enchant armour {unknown}
 v - 2 scrolls of enchant weapon {unknown}
 x - a scroll of fear {unknown}
Potions
 f - a potion of magic {unknown}
 i - 3 potions of curing {unknown}
 k - 2 potions of ambrosia {unknown}
 n - a potion of degeneration {unknown}
 p - a potion of heal wounds {unknown}
 A - a potion of flight {unknown}
Comestibles
 d - 7 rations


   Skills:
 + Level 2.2 Fighting
 - Level 2.1 Dodging
 + Level 4.8 Unarmed Combat
 - Level 1.3 Spellcasting
 + Level 2.4 Transmutations


You had 2 spell levels left.
You knew the following spells:

 Your Spells              Type           Power        Failure   Level  Hunger
a - Beastly Appendage     Tmut           #.....       12%         1    ##.....
b - Sticks to Snakes      Tmut           #.......     19%         2    ###....

Your spell library contained the following spells:

 Spells                   Type           Power        Failure   Level  Hunger
 Spider Form              Tmut/Pois      #.........   52%         3    ####...
 Ice Form                 Ice/Tmut       #.......     89%         4    #####..
 Blade Hands              Tmut           #.........   98%         5    ######.


Dungeon Overview and Level Annotations

Branches:
Dungeon (3/15)

Altars:
Kikubaaqudgha

Annotations:
D:3 Crazy Yiuf


Innate Abilities, Weirdness & Mutations

You reflexively headbutt those who attack you in melee.
You have a pair of horns on your head.


Message History

Found a stone staircase leading down.
There is a stone staircase leading down here.
A leopard gecko comes into view.
A leopard gecko is nearby!
Casting: Beastly Appendage (safe; 12% risk of failure)
Confirm with . or Enter, or press ? or * to list all spells.
Your feet morph into talons.
You are feeling hungry.
A leopard gecko comes into view.
Your transformation is almost over.
The helpless leopard gecko fails to defend itself.
You hit the leopard gecko. Your kick misses the leopard gecko.
The leopard gecko is almost dead.
The leopard gecko misses you.
You closely miss the leopard gecko.
The leopard gecko is almost dead.
The leopard gecko bites you.
You hit the leopard gecko.
You kill the leopard gecko!
The leopard gecko closely misses you. You furiously retaliate!
You headbutt the leopard gecko. The leopard gecko closely misses you.
You miss the leopard gecko. You claw the leopard gecko.
You kill the leopard gecko!
No target in view!
No target in view!
Magic restored.
Your talons disappear.
HP restored.
You see here a mace.
You see here a mace.
You see here a mace.
You see here a mace.
You see here a mace.
Casting: Beastly Appendage (safe; 12% risk of failure)
Confirm with . or Enter, or press ? or * to list all spells.
You create a snake!
You now have 67 arrows.
Crazy Yiuf shouts!
Casting: Sticks to Snakes (safe; 19% risk of failure)
Confirm with . or Enter, or press ? or * to list all spells.
You create a snake!
You now have 66 arrows.
Casting: Sticks to Snakes (safe; 19% risk of failure)
Confirm with . or Enter, or press ? or * to list all spells.
Your feet morph into talons.
You are feeling very hungry.
You open the door. You hit Crazy Yiuf.
Crazy Yiuf is lightly wounded.
Crazy Yiuf hits you with a +2 quarterstaff of chaos!
You are slowing down.
You swap places.
Your ball python misses Crazy Yiuf.
Your ball python grabs Crazy Yiuf.
Your ball python constricts Crazy Yiuf.
Crazy Yiuf hits your ball python with a +2 quarterstaff of chaos.
Your ball python flickers and vanishes for a moment.
Your ball python bites Crazy Yiuf but does no damage.
Your ball python constricts Crazy Yiuf.
Your limbs are stiffening.
You see here a mace.
You swap places.
Crazy Yiuf barely misses your ball python.
Your ball python bites Crazy Yiuf but does no damage.
Your ball python constricts Crazy Yiuf.
Crazy Yiuf struggles to escape constriction.
Your ball python bites Crazy Yiuf but does no damage.
Your ball python constricts Crazy Yiuf.
You have turned to stone.
Your ball python bites Crazy Yiuf.
Your ball python constricts Crazy Yiuf.
Crazy Yiuf waves his quarterstaff at you.
Crazy Yiuf hits your ball python with a +2 quarterstaff of chaos!
Crazy Yiuf burns your ball python.
Your ball python dies!
Crazy Yiuf hits your adder with a +2 quarterstaff of chaos!
Crazy Yiuf burns your adder.
Your adder dies!
Your transformation is almost over.
Crazy Yiuf whimpers, "Hah sing cloud!"
Crazy Yiuf hits you with a +2 quarterstaff of chaos! x2
Crazy Yiuf burns you.
You turn to flesh and can move again.
You see here a mace.
You hit Crazy Yiuf. Your headbutt misses Crazy Yiuf.
Crazy Yiuf is moderately wounded.
Crazy Yiuf waves his quarterstaff at you.
Crazy Yiuf barely misses you.
You completely miss Crazy Yiuf.
Crazy Yiuf is moderately wounded.
Crazy Yiuf cries, "You leg down broken song, no?"
Crazy Yiuf misses you.
You hit Crazy Yiuf but do no damage.
Crazy Yiuf is moderately wounded.
Crazy Yiuf hits you with a +2 quarterstaff of chaos!
* * * LOW HITPOINT WARNING * * *
Okay, then.
You closely miss Crazy Yiuf.
Crazy Yiuf is moderately wounded.
Your talons disappear.
Crazy Yiuf barely misses you.
You hit Crazy Yiuf but do no damage. Your headbutt misses Crazy Yiuf.
Crazy Yiuf is moderately wounded.
You hit Crazy Yiuf but do no damage.
Crazy Yiuf is moderately wounded.
Crazy Yiuf hits you with a +2 quarterstaff of chaos!
You die...

### #.# ### ######
#.# #)))###
##.#..## #.#
#.))')####......#
######.#
#)))##g@#)......#
#......# ###
###)#).#.#.#
.......# ########.#
#.####.# #.# #.#
#.####### ###
####.#
#>####.......# #.#
#.##.#
....##.......####.#
#....#
#..............##.#
####.#
........<....#.##.#
#.#


You could see Crazy Yiuf.

Vanquished Creatures
  Robin (D:3)
  An adder (D:3)
  An ooze (D:1)
  A dart slug (D:1)
  2 leopard geckos (D:3)
  4 giant cockroaches
  15 goblins
  11 hobgoblins
  A jackal (D:3)
  2 quokkas
  10 bats
  4 frilled lizards
  5 kobolds
  6 rats
64 creatures vanquished.

Vanquished Creatures (collateral kills)
  A jackal (D:3)
1 creature vanquished.

Grand Total: 65 creatures vanquished

Notes
Turn   | Place    | Note
-------+----------+-------------------------------------------
     0 | D:1      | sankara the Minotaur Transmuter began the quest for the
                  | Orb.
     0 | D:1      | Reached XP level 1. HP: 16/16 MP: 1/1
   349 | D:1      | Reached skill level 4 in Unarmed Combat
   349 | D:1      | Reached XP level 2. HP: 23/23 MP: 0/3
   373 | D:1      | Learned a level 2 spell: Sticks to Snakes
   976 | D:2      | Reached XP level 3. HP: 18/28 MP: 2/4
   983 | D:2      | Reached skill level 2 in Transmutations
  1444 | D:2      | Found an ancient bone altar of Kikubaaqudgha.
  2293 | D:3      | Noticed Robin
  2301 | D:3      | Reached XP level 4. HP: 28/36 MP: 0/5
  2318 | D:3      | Reached skill level 2 in Fighting
  2324 | D:3      | Killed Robin
  2619 | D:3      | Found a runed translucent door.
  2620 | D:3      | Noticed Crazy Yiuf
  2959 | D:3      | HP: 5/36 [Crazy Yiuf/+2 quarterstaff of chaos (11)]
  2962 | D:3      | Slain by Crazy Yiuf

Levels and vault maps discovered:
D:1:      sevenhm_arrival_forest_fort_large_2, layout_basic, minivault_25
D:2:      layout_rooms, lemuel_crystal_altar, minmay_pentomino_q2
D:3:      layout_loops_ring, first_ration, uniq_robin, uniq_crazy_yiuf_cottage

Skill      XL: |  1  2  3  4 |
---------------+-------------+-----
Unarmed Combat | 4 |  4.8
Transmutations | 2 |  2.4
Fighting       | 2 |  2.2
Dodging        | |  2.1
Spellcasting   | |  1.3

Action                   |  1- 3 |  4- 6 || total
-------------------------+-------+-------++-------
Melee: Unarmed           |    88 |    33 ||   121
       Headbutt          |    10 |     1 ||    11
       Kick              |    13 |     2 ||    15
       Punch             |     1 |     1 ||     2
Throw: Stone             |     6 |       ||     6
 Cast: Beastly Appendage |    29 |     4 ||    33
       Sticks to Snakes  |     2 |     2 ||     4
 Abil: Evoke Berserk Rag |     1 |     1 ||     2
 Stab: Sleeping          |     1 |     1 ||     2
  Eat: Chunk             |     7 |     2 ||     9
Armor: Robe              |    19 |     2 ||    21
Dodge: Dodged            |    71 |    22 ||    93

Table legend:
 A = Non-vault XP
 B = Vault XP
 C = Vault XP percentage of total XP
 D = Non-vault monster count
 E = Vault monster count
 F = Vault count percentage of total count
                 A         B        C        D         E       F
            +---------+---------+-------+---------+---------+-------
      Total |     100 |      40 |  28.6 |      50 |      15 |  23.1
            +---------+---------+-------+---------+---------+-------
        D:1 |      36 |       0 |   0.0 |      18 |       0 |   0.0
        D:2 |      23 |       3 |  11.5 |      14 |       2 |  12.5
        D:3 |      41 |      37 |  47.4 |      18 |      13 |  41.9
            +---------+---------+-------+---------+---------+-------

Levels and vault maps discovered:
D:1:      sevenhm_arrival_forest_fort_large_2, layout_basic, minivault_25
D:2:      layout_rooms, lemuel_crystal_altar, minmay_pentomino_q2
D:3:      layout_loops_ring, first_ration, uniq_robin, uniq_crazy_yiuf_cottage

Table legend:
 A = Turns spent in this place as a percentage of turns spent in the entire game.
 B = Non-inter-level travel turns spent in this place as a percentage of non-inter-level travel turns spent in the entire game.
 C = Inter-level travel turns spent in this place as a percentage of turns spent in this place.
 D = Turns resting spent in this place as a percentage of non-inter-level travel turns spent in this place.
 E = Turns spent auto-exploring this place as a percentage of non-inter-level travel turns spent in this place.
 F = Non-inter-level travel turns spent in this place divided by the number of levels of this place that you've seen.
                   A       B       C       D       E      F
               +-------+-------+-------+-------+-------+----------------------
         Total | 100.0 | 100.0 |   2.4 |  31.0 |  49.5 | 963.3
       Dungeon | 100.0 | 100.0 |   2.4 |  31.0 |  49.5 | 963.3
               +-------+-------+-------+-------+-------+----------------------

Table legend:
 A = Kills in this place as a percentage of kills in entire the game.
 B = Kills by you in this place as a percentage of kills by you in the entire game.
 C = Kills by friends in this place as a percentage of kills by friends in the entire game.
 D = Other kills in this place as a percentage of other kills in the entire game.
 E = Experience gained in this place as a percentage of experience gained in the entire game.
 F = Experience gained in this place divided by the number of levels of this place that you have seen.
                   A       B       C       D       E      F
               +-------+-------+-------+-------+-------+----------------------
         Total | 100.0 | 100.0 | 100.0 |   N/A | 100.0 |  46.7
       Dungeon | 100.0 | 100.0 | 100.0 |   N/A | 100.0 |  46.7
               +-------+-------+-------+-------+-------+----------------------
